 Dungeon Crawl Stone Soup version 0.26.0-10-g1f06aea511 (webtiles) character file.

Game seed: 7010361158040009458

221 Borgoz the Slasher (level 5, -1/45 HPs)
             Began as a Ghoul Gladiator on Jan 15, 2021.
             Slain by an ogre
             ... wielding a +0 giant club
              (25 damage)
             ... on level 4 of the Dungeon.
             The game lasted 00:03:18 (2722 turns).

Borgoz the Slasher (Ghoul Gladiator)                Turns: 2722, Time: 00:03:18

Health: -1/45      AC:  6    Str: 18    XL:     5   Next: 98%
Magic:  4/4        EV: 12    Int:  3    God:
Gold:   92         SH:  0    Dex: 11    Spells: 4/4 levels left

rFire    . . .     SeeInvis .   a - +0 long sword
rCold    + . .     Faith    .   (no shield)
rNeg     + + +     Spirit   .   f - +0 ring mail
rPois    ∞         Reflect  .   c - +0 helmet
rElec    .         Harm     .   (no cloak)
rCorr    .         Rampage  .   (no gloves)
Will     +....                  (no boots)
Stlth    +.........             (no amulet)
HPRegen  0.00/turn              h - ring of willpower
MPRegen  0.09/turn              (no ring)

@: no status effects
A: claws 1, cold resistance 1, negative energy resistance 3, inhibited
regeneration, torment resistance, unbreathing
a: no special abilities


You were on level 4 of the Dungeon.
You visited 1 branch of the dungeon, and saw 4 of its levels.

You collected 92 gold pieces.

Inventory:

Hand Weapons
 a - a +0 long sword (weapon)
Missiles
 d - 3 throwing nets (quivered)
Armour
 c - a +0 helmet (worn)
 f - a +0 ring mail (worn)
Jewellery
 h - a ring of willpower (left claw)
Scrolls
 i - 2 scrolls of remove curse
 k - a scroll of fear {unknown}
 m - a scroll of teleportation {unknown}
 n - a scroll of amnesia {unknown}
 o - a scroll of noise {unknown}
 p - a scroll of fog
 q - a scroll of identify
Potions
 b - a potion of resistance
 e - 2 potions of heal wounds
 g - a potion of flight
 j - 2 potions of haste {unknown}
 l - a potion of attraction {unknown}


   Skills:
 + Level 3.3 Fighting
 * Level 4.0 Long Blades
 - Level 1.7 Throwing
 * Level 2.7 Armour
 + Level 3.3 Dodging


You had 4 spell levels left.
You didn't know any spells.
Your spell library was empty.

Dungeon Overview and Level Annotations

Branches:
Dungeon (4/15)
 Temple: D:4-7

Altars:


Innate Abilities, Weirdness & Mutations

You thrive by killing the living.
You are immune to poison.
You have sharp fingernails.
Your flesh is cold resistant. (rC+)
You are immune to negative energy. (rN+++)
You do not regenerate when monsters are visible.
You are immune to unholy pain and torment.
You can survive without breathing.


Message History

The centaur skeleton completely misses you.
You riposte.
You hit the centaur skeleton but do no damage.
The orc hits you with a +0 flail. The orc misses you.
You slash the orc!
You kill the orc!
You feel better. The orc barely misses you.
You hit the ogre.
The ogre is lightly wounded.
The ogre barely misses you.
A giant cockroach comes into view.
The orc misses you.
You riposte.
You closely miss the orc. The orc barely misses you.
You riposte.
You slash the orc!
You kill the orc!
You feel better. The ogre misses you.
The orc priest invokes the aid of Beogh against you.
Beogh smites you!
The ogre hits you with a +0 giant club!!
Ouch! That really hurt!
You die...

..... .....
...##.....
#...#....#
........#.
#...##....
#.o...###.
#.o.B..... ##
##OO#.##.# ..# ###
##@.## # ...##..##
#...#
...(....###..##
.............###
#................
##........#......
..#........##......
...........###.....
............# .....


You could see 2 ogres, an orc priest, an orc and a giant cockroach.

Vanquished Creatures
  A hound (D:4)
  An iguana (D:4)
  Terence (D:3)
  3 gnolls (D:2)
  2 adders
  2 oozes
  A worm (D:3)
  3 dart slugs
  4 leopard geckos
  3 orcs (D:4)
  7 bats
  6 giant cockroaches
  9 goblins
  6 hobgoblins
  3 quokkas
  2 frilled lizards (D:2)
  5 kobolds
  10 rats
69 creatures vanquished.

Notes
Turn   | Place    | Note
-------+----------+-------------------------------------------
     0 | D:1      | Borgoz the Ghoul Gladiator began the quest for the Orb.
     0 | D:1      | Reached XP level 1. HP: 17/17 MP: 0/0
    84 | D:1      | Reached XP level 2. HP: 23/25 MP: 1/1
   158 | D:1      | Reached skill level 3 in Long Blades
   158 | D:1      | Reached skill level 1 in Armour
   420 | D:1      | Reached XP level 3. HP: 30/30 MP: 2/2
   955 | D:2      | Reached XP level 4. HP: 5/37 MP: 3/3
  1985 | D:3      | Noticed Terence
  1999 | D:3      | Killed Terence
  2000 | D:3      | Reached XP level 5. HP: 38/45 MP: 4/4
  2648 | D:4      | Reached skill level 4 in Long Blades
  2711 | D:4      | Noticed an ogre
  2715 | D:4      | Noticed an ogre
  2722 | D:4      | Slain by an ogre

Illustrated notes

Levels and vault maps discovered:
D:1:      nicolae_arrival_washed_ashore, layout_basic, bh_walls_and_bars
D:2:      layout_basic
D:3:      layout_basic, kennysheep_donut, uniq_terence
D:4:      layout_cave_pools, serial_shops, nicolae_shop_statue_plus

Skill      XL: |  1  2  3  4  5 |
---------------+----------------+-----
Long Blades    | 3 4 |  4.0
Armour         | 1 2 |  2.7
Dodging        | 3 |  3.3
Fighting       | 3 |  3.3
Throwing       | |  1.7

Action                   |  1- 3 |  4- 6 || total
-------------------------+-------+-------++-------
Melee: Long sword        |    93 |   116 ||   209
Throw: Throwing net      |     1 |       ||     1
  Use: Scroll            |     2 |     4 ||     6
       Potion            |     1 |       ||     1
Armor: Leather armour    |    30 |    10 ||    40
       Ring mail         |       |    25 ||    25
Dodge: Dodged            |    69 |    84 ||   153
       Rpst.: Long sword |    17 |    28 ||    45
